 Dungeon Sprint DCSS version 0.22-a0-354-g30dfbe6 (webtiles) character file.

11 Kikal the Insei (level 2, 0/14 HPs)
             Began as a Vine Stalker Transmuter on Apr 16, 2018.
             Slain by a wolf (2 damage)
             ... in the Dungeon (Sprint III: "The Ten Rune Challenge").
             The game lasted 00:01:09 (219 turns).

Kikal the Insei (Vine Stalker Transmuter)            Turns: 219, Time: 00:01:10

Health: 0/14       AC:  2    Str: 12    XL:     2   Next: 25%
Magic:  0/7        EV: 12    Int: 13    God:
Gold:   6          SH:  0    Dex: 14    Spells: 4/7 levels left

rFire    . . .     SeeInvis .     - Unarmed
rCold    . . .     Gourm    .   (no shield)
rNeg     . . .     Faith    .   b - +0 robe
rPois    .         Spirit   +   (no helmet)
rElec    .         Reflect  .   (no cloak)
rCorr    .         Harm     .   (no gloves)
MR       .....     NoTele   +   (no boots)
Stlth    +.........             (no amulet)
HPRegen  0.04/turn              (no ring)
MPRegen  0.10/turn              (no ring)

@: no status effects
A: fangs 2, magic shield, antimagic bite, no potion heal 3, rot immunity
a: no special abilities


You were in the Dungeon.
You were not hungry.

You visited 1 branch You collected 6 gold pieces.

Inventory:

Missiles
 a - 11 arrows
Armour
 b - a +0 robe (worn)
Scrolls
 j - a scroll of blinking
Potions
 c - a potion of resistance {unknown}
 e - a potion of curing
 f - a potion of heal wounds
 g - a potion of haste
 h - 2 potions of magic
 i - a potion of berserk rage
Comestibles
 d - a ration


   Skills:
 + Level 1.0 Fighting
 - Level 1.5 Dodging
 + Level 3.9 Unarmed Combat
 - Level 3.2 Spellcasting
 + Level 3.2 Transmutations


You had 4 spell levels left.
You knew the following spells:

 Your Spells              Type           Power        Failure   Level  Hunger
a - Beastly Appendage     Tmut           ##....       6%          1    #......
b - Sticks to Snakes      Tmut           ##......     9%          2    ##.....


Dungeon Overview and Level Annotations

Branches:
Dungeon (1/1)

Altars:


Innate Abilities, Weirdness & Mutations

You have extremely sharp teeth.
When hurt, damage is shared between your health and your magic reserves.
Your bite disrupts and absorbs the magic of your enemies.
Potions cannot restore your health.
You are immune to rotting.


Message History

The wolf barely misses you. x2
You closely miss the wolf. The wolf bites you.
You take 3 damage, and have 10/14 hp.
MASSIVE DAMAGE!!
You now have 5/7 mp.
You hit the wolf. Your bite misses the wolf. The wolf bites you!
Ouch! That really hurt!
* * * LOW HITPOINT WARNING * * *
The wolf bites you.
You take 7 damage, and have 3/14 hp.
MASSIVE DAMAGE!!
You now have 1/7 mp.
The wolf closely misses you. The wolf closely misses you.
The wolf barely misses you.
There is an open door here.
The wolf barely misses you. The wolf closely misses you.
There is an open door here.
The wolf bites you.
* * * LOW HITPOINT WARNING * * *
You take 2 damage, and have 1/14 hp.
You now have 0/7 mp.
You hit the wolf. Your bite misses the wolf. The wolf bites you.
You die...

▓▓▓▓ ▓<.# ▓..#
▓#'#### ▓.....#
▓.....#...≈≈♣...
▓...@.#..≈≈≈≈♣..
▓####h#..≈≈≈≈≈≈.
▓.....#.≈≈≈≈≈≈..
▓.....#.≈≈≈≈≈...
▓.p...#.≈≈≈.....
▓'#####.........
▓...p...........
▓▓▓▓▓▓▓▓▓▓▓▓▓▓▓▓


You could see a wolf.

Vanquished Creatures
  2 oozes (D)
  2 rats (D)
4 creatures vanquished.

Vanquished Creatures (others)
  2 draconian scorchers (D)
  6 hellions (D)
8 creatures vanquished.

Grand Total: 12 creatures vanquished

Notes
Turn   | Place    | Note
-------+----------+-------------------------------------------
     0 | D        | Kikal the Vine Stalker Transmuter began the quest for the Orb.
     0 | D        | Reached XP level 1. HP: 9/9 MP: 4/4
    12 | D        | Reached XP level 2. HP: 6/14 MP: 5/7
    77 | D        | Killed a hellion
   143 | D        | Killed a hellion
   156 | D        | Killed a white draconian scorcher
   163 | D        | Learned a level 2 spell: Sticks to Snakes
   165 | D        | Killed a white draconian scorcher
   177 | D        | Reached skill level 1 in Fighting
   181 | D        | Killed a hellion
   182 | D        | Killed a hellion
   185 | D        | Killed a hellion
   211 | D        | Killed a hellion
   219 | D        | Slain by a wolf

Vault maps used:
D:        dungeon_sprint_mu

Skill      XL: |  1  2 |
---------------+-------+-----
Spellcasting   | 3 |  3.2
Transmutations | 3 |  3.2
Fighting       | 1 |  1.0
Dodging        | |  1.5
Unarmed Combat | |  3.9

Action                   || total
-------------------------++-------
Melee: Unarmed           ||    20
       Bite              ||     5
       Headbutt          ||     2
       Punch             ||     1
 Cast: Beastly Appendage ||     1
       Sticks to Snakes  ||     1
Armor: Robe              ||     2
Dodge: Dodged            ||    14

Table legend:
 A = Spawn XP
 B = Non-spawn XP
 C = Spawn XP percentage of total XP
 D = Spawn monster count
 E = Non-spawn monster count
 F = Spawn count percentage of total count
 G = Total turns spent on level
                    A         B        C        D         E        F      G
               +---------+---------+-------+---------+---------+-------+---------
         Total |       0 |      16 |   0.0 |       0 |       4 |   0.0 |   219
               +---------+---------+-------+---------+---------+-------+---------
             D |       0 |      16 |   0.0 |       0 |       4 |   0.0 |   219
               +---------+---------+-------+---------+---------+-------+---------
